 Dungeon Crawl Stone Soup version 0.29.1-1-gd02db6906a (webtiles) character file.

Game seed: 9132727323381003028

16 SINSOJ the Trooper (level 2, -2/27 HPs)
             Began as a Minotaur Berserker on Oct 20, 2022.
             Slain by a hobgoblin (5 damage)
             ... on level 1 of the Dungeon.
             The game lasted 00:01:08 (825 turns).

SINSOJ the Trooper (Minotaur Berserker)              Turns: 825, Time: 00:01:09

Health: -2/27      AC:  2    Str: 21    XL:     2   Next: 37%
Magic:  1/1        EV: 12    Int:  4    God:
Gold:   12         SH:  0    Dex:  9    Spells: 1/1 levels left

rFire   . . .      SeeInvis .   a - +0 mace
rCold   . . .      Faith    .   (no shield)
rNeg    . . .      Spirit   .   b - +0 animal skin
rPois   .          Reflect  .   (helmet restricted)
rElec   .          Harm     .   (no cloak)
rCorr   .          Rampage  .   (no gloves)
Will    .....                   (no boots)
Stlth   +.........              (no amulet)
HPRegen 0.09/turn               (no ring)
MPRegen 0.07/turn               (no ring)

@: on berserk cooldown, slowed, very slow
A: horns 2, retaliatory headbutt
a: no special abilities


You were on level 1 of the Dungeon.
You visited 1 branch of the dungeon, and saw 1 of its levels.

You collected 12 gold pieces.

Inventory:

Hand Weapons
 a - a +0 mace (weapon)
Missiles
 c - a throwing net (quivered)
Armour
 b - a +0 animal skin (worn)
Scrolls
 f - a scroll of identify {unknown}
Potions
 d - a potion of lignification {unknown}
 e - a potion of attraction {unknown}
 g - a potion of invisibility {unknown}


   Skills:
 + Level 4.0 Fighting
 + Level 4.0 Maces & Flails
 + Level 2.5 Armour
 + Level 2.4 Dodging


You had one spell level left.
You didn't know any spells.
Your spell library was empty.

Dungeon Overview and Level Annotations

Branches:
Dungeon (1/15)

Altars:


Innate Abilities, Weirdness & Mutations

You have a pair of horns on your head.
You reflexively headbutt those who attack you in melee.


Message History

You feel yourself moving faster!
You feel mighty!
The hobgoblin shouts!
The kobold closely misses you. The goblin barely misses you.
You sock the goblin!
You kill the goblin!
Trog accepts your kill. The kobold completely misses you.
The kobold hits you but does no damage.
You see here a +0 dagger.
You feel a strong urge to attack something.
The kobold hits you but does no damage.
Found a scroll labelled LODEMEKHLIY.
You feel your anger nearly subside.
You are no longer berserk.
You are exhausted.
You feel yourself slow down. The kobold hits you but does no damage.
The hobgoblin attacks as you move away! The hobgoblin barely misses you.
The kobold attacks as you move away! The kobold barely misses you.
You hit the kobold. You headbutt the kobold.
You kill the kobold!
Trog accepts your kill. The hobgoblin closely misses you.
You furiously retaliate!
You headbutt the hobgoblin, but do no damage.
The hobgoblin barely misses you. The hobgoblin hits you.
* * * LOW HITPOINT WARNING * * *
The hobgoblin hits you.
* * * LOW HITPOINT WARNING * * *
Things that are here:
a +0 club; 2 stones The hobgoblin hits you.
* * * LOW HITPOINT WARNING * * *
Really renounce your faith, foregoing its fabulous benefits? [Y]es or [N]o only, please.
Really renounce your faith, foregoing its fabulous benefits?
Are you sure?
You have lost your religion!
Trog does not appreciate desertion!
The hobgoblin barely misses you. The hobgoblin misses you.
The hobgoblin hits you.
You die...

......^.....#
##...................#
....#).#.##..........#
#...#..#.##..........#
....#..#.##..........#
#...#..#.# #........#
....#..#.# #...g....#...
#...#..#.# #†..@........
.........####))..#.......
.................+.......
...#†###.####.####....#.#
..............# ....?..
...#........... #+###.#
..##.######..... #
.......# #...... .###.#.#
#.......


You could see a hobgoblin.

Vanquished Creatures
  A ball python (D:1)
  An endoplasm (D:1)
  2 goblins (D:1)
  A hobgoblin (D:1)
  3 jackals (D:1)
  A quokka (D:1)
  3 kobolds (D:1)
  A rat (D:1)
13 creatures vanquished.

Notes
Turn   | Place    | Note
-------+----------+-------------------------------------------
     0 | D:1      | SINSOJ the Minotaur Berserker began the quest for the Orb.
     0 | D:1      | Reached XP level 1. HP: 19/19 MP: 0/0
   710 | D:1      | Reached XP level 2. HP: 26/27 MP: 1/1
   824 | D:1      | Fell from the grace of Trog
   825 | D:1      | Slain by a hobgoblin

Illustrated notes

Levels and vault maps discovered:
D:1:      elethiomel_arrival_shortcut, layout_basic

Skill      XL: |  1  2 |
---------------+-------+-----
Fighting       | 4 |  4.0
Maces & Flails | 4 |  4.0
Armour         | |  2.5
Dodging        | |  2.4

Action                   || total
-------------------------++-------
Melee: Mace              ||    20
       Headbutt          ||     3
Invok: Berserk           ||     1
       Renounce Religion ||     1
Armor: Animal skin       ||    11
Dodge: Dodged            ||    40
